 Dungeon Crawl Stone Soup version 0.26-a0-1181-gd376ed14c5 (webtiles) character file.

Game seed: 2478450005014593339

508 HoaS the Grappler (level 7, -1/55 HPs)
             Began as a Ghoul Gladiator on Dec 25, 2020.
             Slain by a wyvern (13 damage)
             ... on level 5 of the Dungeon.
             The game lasted 00:06:50 (2549 turns).

HoaS the Grappler (Ghoul Gladiator)                 Turns: 2549, Time: 00:06:50

Health: -1/55      AC: 10    Str: 20    XL:     7   Next: 18%
Magic:  6/6        EV:  8    Int:  3    God:
Gold:   203        SH:  0    Dex: 10    Spells: 6/6 levels left

rFire    . . .     SeeInvis .     - Unarmed
rCold    + . .     Faith    .   (no shield)
rNeg     + + +     Spirit   .   k - +1 chain mail {rPois}
rPois    ∞         Reflect  .   b - +0 helmet
rElec    .         Harm     .   l - scarf {repulsion}
rCorr    .         Rampage  .   (no gloves)
Will     .....                  (no boots)
Stlth    ..........             (no amulet)
HPRegen  0.00/turn              (no ring)
MPRegen  0.10/turn              (no ring)

@: repel missiles
A: claws 1, cold resistance 1, negative energy resistance 3, inhibited
regeneration, torment resistance, unbreathing
a: no special abilities


You were on level 5 of the Dungeon.
You visited 1 branch of the dungeon, and saw 5 of its levels.

You collected 203 gold pieces.

Inventory:

Missiles
 c - 3 throwing nets (quivered)
Armour
 b - a +0 helmet (worn)
 k - a +1 chain mail of poison resistance (worn)
 l - a scarf of repulsion (worn)
Wands
 h - a wand of paralysis (9)
 m - a wand of enslavement (11)
Scrolls
 d - a scroll of identify
 e - a scroll of remove curse
 g - 3 scrolls of fear
 j - 3 scrolls of teleportation
Potions
 a - 2 potions of curing
 f - 4 potions of heal wounds
 i - a potion of flight


   Skills:
 - Level 2.1 Fighting
 - Level 1.7 Throwing
 - Level 2.6 Dodging
 + Level 8.7 Unarmed Combat


You had 6 spell levels left.
You didn't know any spells.
Your spell library contained the following spells:

 Spells                   Type           Power        Failure   Level
 Animate Skeleton         Necr           0%           100%        1
 Apportation              Tloc           0%           100%        1
 Corona                   Hex            0%           100%        1
 Summon Small Mammal      Summ           0%           100%        1
 Ensorcelled Hibernation  Hex/Ice        0%           100%        2
 Poisonous Vapours        Pois/Air       0%           100%        2
 Confusing Touch          Hex            0%           100%        3
 Dazzling Flash           Conj/Hex       0%           100%        3
 Tukima's Dance           Hex            0%           100%        3
 Vampiric Draining        Necr           0%           100%        3
 Dispel Undead            Necr           0%           100%        4
 Death Channel            Necr           0%           100%        6
 Sublimation of Blood     Necr           Unusable     N/A         2
 Spider Form              Tmut/Pois      Unusable     N/A         3

Dungeon Overview and Level Annotations

Branches:
Dungeon (5/15)
 Temple: D:4-7

Altars:


Innate Abilities, Weirdness & Mutations

You thrive by killing the living.
You are immune to poison.
You have sharp fingernails.
Your flesh is cold resistant. (rC+)
You are immune to negative energy. (rN+++)
You do not regenerate when monsters are visible.
You are immune to unholy pain and torment.
You can survive without breathing.


Message History

The wyvern bites you. The wyvern closely misses you.
You barely miss the wyvern. The wyvern bites you!
You scratch the wyvern.
The wyvern is lightly wounded.
The wyvern bites you.
You barely miss the wyvern. Your claw misses the wyvern.
The wyvern is lightly wounded.
The wyvern bites you!
You claw the wyvern!
The wyvern is heavily wounded.
The wyvern bites you but does no damage.
The wyvern barely misses you.
You claw the wyvern!
The wyvern is almost dead.
The wyvern bites you!
* * * LOW HITPOINT WARNING * * *
You closely miss the wyvern.
The wyvern is almost dead.
The wyvern bites you!
You die...

#. #. #.. .
#..#.##.####.. .
#..#. ......
..#.... ....
.....#.##.###
#........+
...(#.<..###
#.###...l# .
.......@# ..c
.####..)###.....
#...(......l
.......$.......
.........#.####.
........##.#
.######.# # #.#
#.#


You could see a wyvern.

Vanquished Creatures
  2 ogres (D:4)
  A centaur (D:5)
  A water moccasin skeleton (D:4)
  2 howler monkeys (D:4)
  An iguana (D:4)
  Robin (D:3)
  2 adders (D:3)
  4 oozes
  2 dart slugs
  A leopard gecko (D:1)
  An orc (D:4)
  2 giant cockroaches
  15 goblins
  4 hobgoblins
  6 jackals
  8 bats
  5 frilled lizards
  8 kobolds
  4 rats
70 creatures vanquished.

Notes
Turn   | Place    | Note
-------+----------+-------------------------------------------
     0 | D:1      | HoaS the Ghoul Gladiator began the quest for the Orb.
     0 | D:1      | Reached XP level 1. HP: 17/17 MP: 0/0
    57 | D:1      | Reached XP level 2. HP: 24/24 MP: 1/1
    68 | D:1      | Reached skill level 4 in Unarmed Combat
   184 | D:1      | Reached XP level 3. HP: 26/29 MP: 2/2
   580 | D:2      | Reached skill level 5 in Unarmed Combat
  1021 | D:2      | You fall into a shaft and drop 2 floors!
  1043 | D:4      | Noticed an ogre
  1068 | D:3      | Reached XP level 4. HP: 32/36 MP: 3/3
  1136 | D:3      | Noticed Robin
  1193 | D:3      | Killed Robin
  1601 | D:3      | Reached skill level 6 in Unarmed Combat
  1758 | D:4      | Noticed an ogre
  1767 | D:4      | Killed an ogre
  1768 | D:4      | Reached XP level 5. HP: 21/41 MP: 4/4
  1970 | D:4      | Identified the Guide on Twisted Envenoming
  2070 | D:4      | Reached skill level 7 in Unarmed Combat
  2070 | D:4      | Reached XP level 6. HP: 43/48 MP: 5/5
  2339 | D:4      | Reached skill level 8 in Unarmed Combat
  2339 | D:4      | Reached XP level 7. HP: 41/55 MP: 6/6
  2522 | D:5      | Entered Level 5 of the Dungeon
  2529 | D:5      | Noticed a wyvern
  2549 | D:5      | Slain by a wyvern

Illustrated notes

Levels and vault maps discovered:
D:1:      dpeg_arrival_round_c, layout_basic, minivault_24
D:2:      layout_basic, corexii_item_surrounded_by_moat,
          kennysheep_generic_room_14
D:3:      layout_rooms, uniq_robin
D:4:      layout_rooms, chequers_serial_rivers_micro_c
D:5:      layout_basic, minmay_overflow_temple_hex, solitary_fountain,
          moated_statue, uniq_ijyb, uniq_duvessa

Skill      XL: |  1  2  3  4  5  6 |
---------------+-------------------+-----
Unarmed Combat | 4 5 6 7 8 |  8.7
Fighting       | |  2.1
Throwing       | |  1.7
Dodging        | |  2.6

Action                   |  1- 3 |  4- 6 |  7- 9 || total
-------------------------+-------+-------+-------++-------
Melee: Unarmed           |   113 |    93 |    14 ||   220
       Punch             |     1 |     1 |       ||     2
  Use: Scroll            |     3 |     5 |       ||     8
       Potion            |       |     1 |       ||     1
Armor: Leather armour    |    34 |       |       ||    34
       Scale mail        |    16 |    16 |       ||    32
       Chain mail        |       |     7 |     7 ||    14
Dodge: Dodged            |    56 |    38 |     6 ||   100

Table legend: (Time is in decaauts)
 A = Elapsed time spent in this place.
 B = Non-inter-level travel time spent in this place.
 C = Inter-level travel time spent in this place.
 D = Time resting spent in this place.
 E = Time spent auto-exploring this place.
 F = Levels seen in this place.
 G = Mean time per level.
                   A        B        C        D        E       F      G
               +--------+--------+--------+--------+--------+-----+--------+
         Total |   2527 |   2431 |     96 |    258 |   1632 |   5 |  505.4 |
       Dungeon |   2527 |   2431 |     96 |    258 |   1632 |   5 |  505.4 |
               +--------+--------+--------+--------+--------+-----+--------+

Top non-repeatable levels by time:
     D:4: 783 daAuts
     D:2: 672 daAuts
     D:1: 554 daAuts
     D:3: 492 daAuts
     D:5: 24 daAuts
